 Dungeon Crawl Stone Soup version 0.30-a0-986-g7f2e898f52 (webtiles) character file.

Game seed: 16453602280216231030

24 pokeman the Magician (level 2, 0/16 HPs)
             Began as a Deep Elf Hedge Wizard on Apr 1, 2023.
             Slain by a phantom (5 damage)
             ... on level 2 of the Dungeon.
             The game lasted 00:01:41 (1315 turns).

pokeman the Magician (Deep Elf Hedge Wizard)        Turns: 1315, Time: 00:01:42

Health: 0/16       AC:  4    Str:  7    XL:     2   Next: 79%
Magic:  0/10       EV: 12    Int: 18    God:
Gold:   81         SH:  0    Dex: 14    Spells: 10/11 levels left

rFire   . . .      SeeInvis .    j - +0 short sword (drain)
rCold   . . .      Faith    .    (no shield)
rNeg    . . .      Spirit   .    b - +0 robe
rPois   .          Reflect  .    c - +0 hat
rElec   .          Rampage  .    f - +1 cloak
rCorr   .                        (no gloves)
Will    +....                    (no boots)
Stlth   ++                       (no amulet)
HPRegen 0.22/turn                l - ring of willpower
MPRegen 0.12/turn                (no ring)

@: no status effects
A: no striking features
a: no special abilities


You were on level 2 of the Dungeon.
You visited 1 branch of the dungeon, and saw 2 of its levels.

You collected 81 gold pieces.

Inventory:

Hand Weapons
 j - a +0 short sword of draining (weapon)
Armour
 b - a +0 robe (worn)
 c - a +0 hat (worn)
 f - a +1 cloak (worn)
Jewellery
 l - a ring of willpower (left hand)
Scrolls
 e - a scroll of teleportation {unknown}
 h - a scroll of fear {unknown}
 k - a scroll of butterflies {unknown}
Potions
 a - a potion of might {unknown}
 d - a potion of magic
 g - a potion of attraction {unknown}
 i - a potion of lignification {unknown}


   Skills:
 + Level 0.6 Fighting
 + Level 0.6 Armour
 - Level 2.4 Dodging
 - Level 2.4 Stealth
 * Level 5.0 Spellcasting
 + Level 1.6 Conjurations
 - Level 1.1 Summonings
 - Level 1.1 Translocations


You had 10 spell levels left.
You knew the following spells:

 Your Spells              Type           Power      Damage    Failure   Level
a - Magic Dart            Conj           40%        1d5       7%          1

Your spell library contained the following spells:

 Spells                   Type           Power      Damage    Failure   Level
 Freeze                   Ice            16%        1d4       13%         1
 Slow                     Hex            16%        N/A       13%         1
 Blink                    Tloc           16%        N/A       13%         2
 Call Imp                 Summ           8%         N/A       13%         2
 Cigotuvi's Dreadful Rot  Necr/Pois/Air  8%         N/A       21%         2
 Hailstorm                Conj/Ice       7%         3d4       28%         3
 Mephitic Cloud           Conj/Pois/Air  6%         N/A       32%         3
 Frozen Ramparts          Ice            8%         1d2       36%         3


Dungeon Overview and Level Annotations

Branches:
Dungeon (2/15)

Altars:


Message History

Confirm with . or Enter, or press ? or * to list all spells.
Aiming: Magic Dart (safe; 7% risk of failure)
Press: ? - help, Shift-Dir - straight line, f/p - phantom
Aim: a phantom (moderately damaged, 100% to hit)
The magic dart hits the phantom.
The phantom is moderately damaged.
The phantom completely misses you.
Casting: Magic Dart (safe; 7% risk of failure)
Confirm with . or Enter, or press ? or * to list all spells.
Aiming: Magic Dart (safe; 7% risk of failure)
Press: ? - help, Shift-Dir - straight line, f/p - phantom
Aim: a phantom (moderately damaged, 100% to hit)
The magic dart hits the phantom but does no damage.
The phantom is moderately damaged.
The phantom hits you.
The phantom blinks!
You blink.
Casting: Magic Dart (safe; 7% risk of failure)
Confirm with . or Enter, or press ? or * to list all spells.
You don't have enough magic to cast this spell.
Unknown command.
Casting: Magic Dart (safe; 7% risk of failure)
Confirm with . or Enter, or press ? or * to list all spells.
You don't have enough magic to cast this spell.
Unknown command.
You closely miss the phantom.
The phantom is moderately damaged.
The phantom closely misses you.
You miss the phantom.
The phantom is moderately damaged.
The phantom completely misses you.
You hit the phantom.
The phantom is moderately damaged.
The phantom hits you.
The phantom blinks!
You blink.
You hit the phantom.
The phantom is heavily damaged.
The phantom barely misses you.
Your magical contamination has completely faded away.
You miss the phantom. Your punch misses the phantom.
The phantom is heavily damaged.
The phantom hits you.
You die...

#..W.........
#..........#
#..........#
#.?#.#######
####.#####
#....W..>#
####..)..#
#...####.#####
#.....@W..Z..#
#...####.###.#
#... #.# #.#
#... #.# #.#
#### #.# #.#
#.# #.# #.#
#.#########
#.#
#........<#
..#
###########


You could see a phantom and a jackal skeleton.

Vanquished Creatures
  A worm (D:2)
  3 endoplasms
  2 giant cockroaches
  2 goblins
  2 hobgoblins (D:2)
  3 kobolds
  A quokka (D:1)
  A frilled lizard (D:1)
  A giant cockroach zombie (D:2)
  2 rats (D:2)
18 creatures vanquished.

Vanquished Creatures (others)
  2 withered plants (D:2)
2 creatures vanquished.

Grand Total: 20 creatures vanquished

Notes
Turn   | Place    | Note
-------+----------+-------------------------------------------
     0 | D:1      | pokeman the Deep Elf Hedge Wizard began the quest for the
                  | Orb.
     0 | D:1      | Reached XP level 1. HP: 10/10 MP: 7/7
   691 | D:1      | Reached XP level 2. HP: 16/16 MP: 6/9
  1074 | D:2      | Noticed a phantom
  1212 | D:2      | Reached skill level 5 in Spellcasting
  1315 | D:2      | Slain by a phantom

Illustrated notes

Levels and vault maps discovered:
D:1:      co_arrival_random_square_maze, layout_rooms, grunt_decor_cap
D:2:      layout_basic, serial_shops, nicolae_lakefront_shop, shop, shop, shop,
          serial_undead, serial_undead_b, serial_undead_a, serial_undead_f,
          serial_undead_e, shapermc_ecumenical_altar_flowoftime,
          minmay_misc_feat_tiny, kennysheep_generic_room_10,
          uniq_crazy_yiuf_cottage

Skill      XL: |  1  2 |
---------------+-------+-----
Spellcasting   | 5 |  5.0
Fighting       | |  0.6
Armour         | |  0.6
Dodging        | |  2.4
Stealth        | |  2.4
Conjurations   | |  1.6
Summonings     | |  1.1
Translocations | |  1.1

Action                     || total
---------------------------++-------
  Melee: Short sword       ||    15
   Cast: Magic Dart        ||    63
 Armour: Robe              ||     6
  Dodge: Dodged            ||    10

Table legend: (Time is in decaauts)
 A = Elapsed time spent in this place.
 B = Non-inter-level travel time spent in this place.
 C = Inter-level travel time spent in this place.
 D = Time resting spent in this place.
 E = Time spent auto-exploring this place.
 F = Levels seen in this place.
 G = Mean time per level.
                   A        B        C        D        E       F      G
               +--------+--------+--------+--------+--------+-----+--------+
         Total |   1314 |   1271 |     43 |    140 |    962 |   2 |  657.0 |
       Dungeon |   1314 |   1271 |     43 |    140 |    962 |   2 |  657.0 |
               +--------+--------+--------+--------+--------+-----+--------+

Top non-repeatable levels by time:
     D:1: 883 daAuts
     D:2: 430 daAuts
